 Dungeon Crawl Stone Soup version 0.18-a0-1800-gdc7a371 (webtiles) character file.

90990 OldManZealot the Warrior (level 15, -7/146 HPs)
             Began as a Pale Draconian Berserker on Apr 25, 2016.
             Was a Priest of Trog.
             Mangled by a sea snake (18 damage)
             ... on level 3 of the Shoals.
             The game lasted 01:46:43 (37790 turns).

OldManZealot the Warrior (DrBe)                    Turns: 37790, Time: 01:46:44

Health: -7/146     AC: 15    Str: 24 (26) XL:     15   Next: 53%
Magic:  13/13      EV: 20    Int:  6 (8)  God:    Trog [***...]
Gold:   1409       SH:  4    Dex: 14 (16) Spells: 0 memorised, 14 levels left

rFire  + . .     SeeInvis +     Q - +3 executioner's axe (flame)
rCold  . . .     Gourm    .     (armour unavailable)
rNeg   . . .     Faith    .     (shield currently unavailable)
rPois  +         Spirit   .     P - +1 hat
rElec  .         Dismiss  .     E - +2 cloak {+Inv}
rCorr  .         Reflect  +     (no gloves)
SustAt .         Harm     .     x - +1 pair of boots {Stlth+}
MR     +++..                    t - +4 amulet of reflection
Stlth  ++........               H - +6 ring of dexterity
                                y - ring of poison resistance

@: exhausted, very slightly contaminated, regenerating, slowed, very slow,
extremely resistant to hostile enchantments, unstealthy
A: breathe steam, unfitting armour, see invisible, fire resistance 1, low mp 1,
evolution 1, cold-blooded, AC +9
a: Breathe Steam, Berserk, Trog's Hand, Burn Spellbooks, Renounce Religion,
Evoke Invisibility


You were on level 3 of the Shoals.
You worshipped Trog.
Trog was most pleased with you.
You were not hungry.

You visited 5 branches of the dungeon, and saw 24 of its levels.
You also visited: Ossuary.

You collected 1769 gold pieces.
You spent 360 gold pieces at shops.

Inventory:

Hand Weapons
 l - a +5 broad axe
 Q - a +3 executioner's axe of flaming (weapon)
 W - a +1 vampiric long sword
Missiles
 p - 4 silver tomahawks (quivered)
Armour
 o - a +1 shield of positive energy
 x - a +1 pair of boots of stealth (worn)
 E - a +2 cloak of invisibility (worn)
 P - a +1 hat (worn)
Jewellery
 t - a +4 amulet of reflection (around neck)
 u - an uncursed amulet of dismissal
 y - a ring of poison resistance (left hand)
 z - an uncursed ring of see invisible
 G - a cursed ring of loudness {unknown}
 H - a +6 ring of dexterity (right hand)
 L - an uncursed ring of stealth
Wands
 v - a wand of disintegration (6/24)
 C - a wand of acid (0/15)
 R - a wand of lightning (0/15)
 T - a wand of digging (11/24)
 X - a wand of confusion (34/48)
Scrolls
 f - 11 scrolls of remove curse
 g - 8 scrolls of teleportation
 h - a scroll of vulnerability {unknown}
 i - 11 scrolls of identify
 k - a scroll of recharging
 A - a scroll of enchant armour
 J - a scroll of fog
 K - 4 scrolls of magic mapping
 V - a scroll of holy word
 Y - a scroll of torment {unknown}
Potions
 d - 2 potions of brilliance
 j - a potion of degeneration
 s - a potion of agility
 w - 4 potions of flight
 B - 2 potions of cure mutation
 I - 2 potions of mutation
 S - 2 potions of lignification
Miscellaneous
 q - a box of beasts {used: 3}
 N - a fan of gales (inert)
Comestibles
 b - a bread ration


   Skills:
 + Level 16.8 Fighting
 - Level 9.2 Long Blades
 + Level 12.6 Axes
 + Level 13.4 Dodging
 + Level 10.0 Shields


You had 14 spell levels left.
You didn't know any spells.

Dungeon Overview and Level Annotations

Branches:
Dungeon (11/15)            Temple (1/1) D:6            Lair (8/8) D:11
 Shoals (3/4) Lair:3       Spider (1/4) Lair:5        Slime (0/6) Lair:6
    Orc (0/2) D:9

Altars:
Ashenzari
Cheibriados
Gozag
Kikubaaqudgha
Nemelex Xobeh
Pakellas
Qazlal
Ru
Sif Muna
Vehumet
Xom
Yredelemnul
Zin
The Shining One
Jiyva

Shops:
D:8 %*   D:9 ([   D:10 *   D:11 *

Annotations:
Abyss:1 Aizul


Innate Abilities, Weirdness & Mutations

You can breathe blasts of scalding, opaque steam.
Your pale cyan-grey scales are hard (AC +9).
Your body does not fit into most forms of armour.
You are cold-blooded and may be slowed by cold attacks.
You have supernaturally acute eyesight.
Your flesh is heat resistant.
Your magical capacity is low (-10% MP).
You evolve.


Message History

The sea snake completely misses you. The merfolk misses you.
The sea snake misses you. You block the sea snake's attack.
Your skin crawls.
You feel resistant to hostile enchantments.
You feel slightly more hungry.
The merfolk hits you from afar with a trident of pain!!
* * * LOW HITPOINT WARNING * * *
You writhe in agony.
* * * LOW HITPOINT WARNING * * *
The sea snake bites you but does no damage.
The merfolk hits you but does no damage.
Drink which item? (? for menu, Esc to quit)
Okay, then.
The sea snake bites you but does no damage.
Things that are here:
a throwing net; a wand of polymorph {zapped: 5} The sea snake closely misses you.
The merfolk barely misses you. The sea snake bites you!!
You die...

≈≈≈≈≈≈≈≈≈≈≈≈≈≈P≈≈≈≈≈≈≈≈≈≈≈≈≈≈≈≈≈.
≈≈≈≈≈≈≈≈≈≈≈≈≈≈≈≈≈≈≈≈≈≈≈≈≈≈≈≈≈≈≈≈≈
≈≈≈≈≈≈≈≈≈≈≈≈≈≈≈≈≈≈≈≈≈≈≈≈≈≈≈≈≈≈≈≈≈
≈≈≈≈≈≈≈≈≈≈≈≈≈≈≈≈≈≈≈≈≈≈≈≈≈≈≈≈≈≈≈≈≈
≈≈≈≈≈≈≈≈≈≈≈≈≈≈≈≈≈≈≈≈≈≈≈≈≈≈≈≈≈≈≈≈≈
≈≈≈≈≈≈≈(<))≈≈≈≈≈≈≈≈≈≈≈≈≈≈≈≈≈≈≈≈≈≈
≈≈≈≈≈≈≈.)((..≈.≈≈..≈≈≈≈≈≈≈≈≈≈≈≈≈.
≈≈≈≈≈≈≈.###(..(S.(.≈≈≈≈≈≈≈≈≈≈≈≈≈≈
≈≈≈≈....# #(#.(#@....≈≈≈≈≈≈≈≈≈≈≈≈
≈≈≈≈...## #########.....≈≈≈≈≈≈≈≈≈
≈≈...### ##.....≈≈≈≈≈≈≈≈≈ ≈..###
### ##.≈≈≈..≈(.(..... ..##
##>####.≈≈≈≈≈≈≈.(##(... .##
#####.......≈≈≈≈≈≈≈≈≈..(.(. ##
#.....≈≈≈≈≈≈≈≈≈≈≈≈≈≈≈(..≈≈(
####....≈≈≈≈≈≈≈≈≈≈≈≈≈≈≈≈[≈(≈((
#..#..≈.≈≈≈≈≈≈≈≈≈≈≈≈≈≈≈≈≈≈≈(((


You could see a sea snake.

Vanquished Creatures
  Maud (Lair:4)
  Nessos (Lair:6)
  A merfolk javelineer (Shoals:3)
  Snorg (Lair:8)
  3 merfolk impalers
  8 hydras
  An ice dragon (Lair:8)
  2 catoblepae
  A merfolk avatar (Shoals:3)
  An alligator snapping turtle (Shoals:2)
  2 satyrs (Shoals:2)
  3 death yaks
  6 lindwurms
  11 sea snakes
  16 harpies
  Pikel (D:5)
  6 fauns
  8 griffons
  An oklob plant (Lair:4)
  6 manticores
  9 elephants
  2 cyclopes
  2 water nymphs
  3 black mambas
  2 sirens (Shoals:1)
  Joseph (D:10)
  6 torpor snails
  12 spiny frogs
  A demonic crawler (Spider:1)
  3 rime drakes
  A kobold demonologist (D:11)
  6 komodo dragons
  4 trolls
  19 merfolk
  A polar bear (Lair:7)
  5 giant leeches (Lair:8)
  3 wind drakes
  A slime creature (D:9)
  17 blink frogs
  3 snapping turtles
  A spriggan (D:8)
  37 yaks
  Sigmund (D:5)
  2 tarantellas (Spider:1)
  3 water elementals
  2 wyverns
  7 hippogriffs
  A basilisk (Lair:8)
  16 water moccasins
  11 porcupines
  An orc warrior (D:11)
  6 wasps
  4 slaves (D:5)
  5 ice beasts
  A phantom (D:9)
  3 ogres
  A sky beast (D:9)
  A black bear (D:10)
  15 wolves
  3 centaurs
  A necrophage (D:9)
  13 crocodiles
  An elf zombie (Ossuary)
  23 giant frogs
  8 big kobolds (D:8)
  A wyvern skeleton (D:10)
  6 killer bees (D:11)
  A water moccasin skeleton (D:8)
  A scorpion (D:9)
  3 wights (D:11)
  3 howler monkeys
  2 electric eels
  3 crimson imps (D:7)
  A wasp zombie (D:11)
  5 hounds
  A centaur zombie (Ossuary)
  5 orc wizards
  10 jellies
  An orc priest (D:11)
  Crazy Yiuf (D:5)
  2 centaur skeletons
  7 iguanas
  7 worker ants
  7 sheep (Lair:3)
  A hound skeleton (D:6)
  A howler monkey zombie (D:10)
  2 mummies (Ossuary)
  A worker ant zombie (D:10)
  10 adders
  34 river rats
  3 shadow imps
  19 oozes
  An adder skeleton (D:10)
  3 adder zombies
  21 worms
  4 dart slugs
  6 giant geckos
  24 orcs
  3 bats
  5 giant cockroaches
  8 goblins
  8 hobgoblins
  12 jackals
  2 quokkas
  6 giant newts
  2 goblin zombies (Ossuary)
  14 hobgoblin zombies (Ossuary)
  A jackal skeleton (D:6)
  A jackal zombie (D:7)
  8 kobolds
  9 kobold zombies (Ossuary)
  6 orc zombies (Ossuary)
  8 rats
  A rat zombie (Ossuary)
  A bush (Lair:4)
  A butterfly (D:2)
  11 fungi
  12 plants
  A tentacle (Shoals:2)
665 creatures vanquished.

Vanquished Creatures (collateral kills)
  3 hydras
  The ghost of Cain5188 the Nimble, a novice DrFi of Okawaru (D:9)
  A faun (Shoals:2)
  2 sirens (Shoals:3)
  3 blink frogs (Lair:3)
  A snapping turtle (Shoals:1)
  A hippogriff (Lair:1)
  A water moccasin (Lair:3)
  A crocodile (Lair:3)
  2 giant frogs
  An iguana (Lair:1)
  A sheep (Shoals:3)
18 creatures vanquished.

Vanquished Creatures (others)
  Polyphemus (Shoals:2)
  A death yak (Shoals:2)
  A faun (Shoals:2)
  5 sheep (Lair:5)
  A bush (Lair:8)
  37 fungi
  53 plants
  21 tentacles (Shoals:2)
  1545 tentacle segments (Shoals:2)
1665 creatures vanquished.

Grand Total: 2348 creatures vanquished

Notes
Turn   | Place    | Note
--------------------------------------------------------------
     0 | D:1      | OldManZealot the Draconian Berserker began the quest for the Orb.
     0 | D:1      | Reached XP level 1. HP: 19/19 MP: 1/1
   437 | D:1      | Reached XP level 2. HP: 25/26 MP: 2/2
  1152 | D:2      | Reached skill level 4 in Fighting
  1156 | D:2      | Reached XP level 3. HP: 30/33 MP: 3/3
  1402 | D:2      | Reached ** piety under Trog
  1506 | D:2      | Found a sparkling altar of Nemelex Xobeh.
  1692 | D:2      | Found a shimmering altar of Xom.
  1935 | D:3      | Found an oddly glowing altar of Pakellas.
  1944 | D:3      | Reached XP level 4. HP: 41/41 MP: 4/4
  2287 | D:3      | Found a sacrificial altar of Ru.
  2968 | D:4      | Reached skill level 5 in Fighting
  2968 | D:4      | Reached XP level 5. HP: 48/48 MP: 5/5
  3141 | D:5      | Entered Level 5 of the Dungeon
  3146 | D:5      | Noticed an ice beast
  3171 | D:5      | Killed an ice beast
  3251 | D:5      | Noticed a slave
  3251 | D:5      | Noticed a slave
  3253 | D:5      | Noticed Pikel
  3270 | D:5      | Killed a slave
  3284 | D:5      | Killed a slave
  3488 | D:5      | Noticed a slave
  3488 | D:5      | Noticed a slave
  3553 | D:5      | Killed Pikel
  3553 | D:5      | Reached skill level 7 in Fighting
  3553 | D:5      | Reached skill level 5 in Long Blades
  3553 | D:5      | Reached XP level 6. HP: 52/60 MP: 6/6
  3553 | D:5      | Your scales start taking on a pale cyan-grey colour.
  3553 | D:5      | Reached XP level 7. HP: 57/66 MP: 7/7
  3948 | D:5      | Noticed Sigmund
  3958 | D:5      | Killed Sigmund
  4245 | D:5      | Reached *** piety under Trog
  4604 | D:5      | Noticed Crazy Yiuf
  4609 | D:5      | Killed Crazy Yiuf
  4803 | D:6      | Reached skill level 5 in Dodging
  4803 | D:6      | Reached XP level 8. HP: 74/74 MP: 8/8
  4859 | D:6      | Reached skill level 8 in Fighting
  5199 | D:6      | Found a staircase to the Ecumenical Temple.
  5212 | Temple   | Entered the Ecumenical Temple
  5517 | D:7      | Reached skill level 9 in Fighting
  5694 | D:7      | Noticed a troll
  5695 | D:7      | Found a sand-covered staircase.
  5701 | Ossuary  | Entered an ossuary
  5847 | Ossuary  | Reached XP level 9. HP: 84/84 MP: 9/9
  6315 | D:7      | Killed a troll
  6315 | D:7      | Reached skill level 10 in Fighting
  6342 | D:7      | Found a basalt altar of Yredelemnul.
  6347 | D:7      | Found a shattered altar of Ashenzari.
  6407 | D:7      | Found a snail-covered altar of Cheibriados.
  6565 | D:8      | Found a deep blue altar of Sif Muna.
  6602 | D:8      | Found Zin's Purification Station.
  6604 | D:8      | Found a glowing silver altar of Zin.
  6639 | D:8      | Found a glowing golden altar of the Shining One.
  6658 | D:8      | Found a stormy altar of Qazlal.
  6676 | D:8      | Found Suusaem's Food Shop.
  6769 | D:8      | Reached **** piety under Trog
  6925 | D:8      | Found a radiant altar of Vehumet.
  6927 | D:8      | Found an opulent altar of Gozag.
  6927 | D:8      | Found an ancient bone altar of Kikubaaqudgha.
  7277 | D:8      | Reached skill level 11 in Fighting
  7705 | D:9      | Reached XP level 10. HP: 92/96 MP: 10/10
  7736 | D:9      | Reached ***** piety under Trog
  7970 | D:9      | Found a staircase to the Orcish Mines.
  7970 | D:9      | Found Metojo Ewoph's Armour Emporium.
  7971 | D:9      | Found Uhulitu's Weapon Emporium.
  8045 | D:9      | Bought a +2 executioner's axe of flaming for 360 gold pieces
  8448 | D:9      | Noticed Cain5188's ghost (novice DrFi)
  8466 | D:9      | Killed Cain5188's ghost
  8466 | D:9      | Reached skill level 1 in Shields
  8837 | D:10     | Entered Level 10 of the Dungeon
  9042 | D:10     | Noticed Joseph
  9062 | D:10     | Killed Joseph
  9062 | D:10     | Reached skill level 12 in Fighting
  9712 | D:10     | Found Ismol's General Store.
  9866 | D:11     | Found a staircase to the Lair.
 10369 | D:11     | Noticed a cyclops
 10393 | D:11     | Killed a cyclops
 10393 | D:11     | Reached skill level 5 in Shields
 10393 | D:11     | Reached XP level 11. HP: 105/105 MP: 11/11
 10715 | D:11     | Found Gedifan's Assorted Antiques.
 11193 | Lair:1   | Entered Level 1 of the Lair of Beasts
 11280 | Lair:1   | Noticed a seven-headed hydra
 11310 | Lair:1   | Killed a ten-headed hydra
 11750 | Lair:1   | Noticed a five-headed hydra
 11768 | Lair:1   | Killed a one-headed hydra
 12517 | Lair:1   | Reached skill level 1 in Axes
 14207 | Lair:3   | Received a gift from Trog
 14246 | Lair:3   | Noticed an eight-headed hydra
 14259 | Lair:3   | Killed a seven-headed hydra
 14274 | Lair:3   | Reached skill level 13 in Fighting
 14663 | Lair:3   | Reached XP level 12. HP: 44/115 MP: 12/12
 14874 | Lair:3   | Noticed a six-headed hydra
 15203 | Lair:3   | Killed a five-headed hydra
 15604 | Lair:3   | Found a staircase to the Shoals.
 16217 | Lair:4   | Noticed an eight-headed hydra
 16223 | Lair:4   | Killed a seven-headed hydra
 16223 | Lair:4   | Reached skill level 5 in Axes
 16447 | Lair:4   | Noticed Maud
 16454 | Lair:4   | Killed Maud
 16657 | Lair:4   | Noticed a five-headed hydra
 16665 | Lair:4   | Killed a four-headed hydra
 16964 | Lair:4   | Noticed an eight-headed hydra
 16976 | Lair:4   | Killed a six-headed hydra
 17167 | Lair:4   | Received a gift from Trog
 18255 | Lair:5   | Found a hole to the Spider Nest.
 18269 | Lair:5   | Noticed a death yak
 18296 | Lair:5   | Killed a death yak
 18576 | Lair:5   | Noticed a death yak
 18587 | Lair:5   | Found a shimmering altar of Xom.
 18922 | Lair:5   | Reached skill level 10 in Dodging
 18963 | Lair:5   | Killed a death yak
 19287 | Lair:6   | Noticed an eight-headed hydra
 19303 | Lair:6   | Killed a 13-headed hydra
 19303 | Lair:6   | Reached XP level 13. HP: 122/123 MP: 13/13
 19651 | Lair:6   | Noticed Nessos
 19744 | Lair:6   | Killed Nessos
 20268 | Lair:6   | Found a shimmering altar of Xom.
 20298 | Lair:6   | Found a staircase to the Slime Pits.
 20298 | Lair:6   | Found a viscous altar of Jiyva.
 20396 | Lair:6   | Reached skill level 14 in Fighting
 20646 | Lair:6   | Reached skill level 10 in Shields
 23509 | Lair:8   | Entered Level 8 of the Lair of Beasts
 23509 | Lair:8   | Noticed Snorg
 23522 | Lair:8   | Killed Snorg
 24122 | Lair:8   | Found a runed door.
 25702 | Lair:8   | Reached skill level 15 in Fighting
 25848 | Lair:8   | Reached XP level 14. HP: 134/135 MP: 14/14
 25866 | Lair:8   | Reached skill level 10 in Axes
 28095 | Spider:1 | Entered Level 1 of the Spider Nest
 28396 | Shoals:1 | Entered Level 1 of the Shoals
 31087 | Shoals:2 | Reached skill level 16 in Fighting
 31815 | Shoals:2 | Noticed Polyphemus
 32187 | Shoals:2 | Killed Polyphemus
 32333 | Shoals:2 | Reached XP level 15. HP: 91/144 MP: 15/15
 32734 | Shoals:2 | Noticed a kraken
 33414 | Shoals:2 | HP: 7/145 [faun/hunting sling[a satyr] (8)]
 34990 | Shoals:3 | Got a bloodstained long sword
 34991 | Shoals:3 | Identified the +11 long sword of Paper {distort, Dex+5} (You found it on level 3 of the Shoals)
 35163 | Shoals:3 | Noticed Aizul
 35172 | Shoals:3 | Banished Aizul
 37644 | Shoals:3 | Gained mutation: Your magical capacity is low (-10% MP). [potion of mutation]
 37644 | Shoals:3 | Gained mutation: You evolve. [potion of mutation]
 37644 | Shoals:3 | Gained mutation: Your flesh is heat resistant. [potion of mutation]
 37670 | Shoals:3 | Gained mutation: You have supernaturally acute eyesight. [potion of beneficial mutation]
 37787 | Shoals:3 | HP: 5/146 [merfolk/trident of pain (3)]
 37790 | Shoals:3 | Mangled by a sea snake

Vault maps used:
D:1:      minmay_arrival_stone_box
D:2:      xom_butterflies, lemuel_coloured_pillars_altar
D:3:      nicolae_overflow_crystal_walls, nicolae_ru_awakened_eye
D:4:      first_bread, serial_corexii_hall, corexii_hall_statues_i,
          corexii_hall_statues_x
D:5:      uniq_pikel, uniq_crazy_yiuf_cottage, uniq_sigmund
D:6:      temple_hall
D:7:      minitemple, enter_ossuary_2
D:8:      zin_purify, grunt_temple_overflow_open,
          nicolae_qazlal_style_of_elements, tso_oasis_becter, special_room,
          serial_shops, shop, the_bakery, tgw_sif
D:9:      lemuel_slime, orc_david_3
D:10:     serial_shops, shop, uniq_joseph
D:11:     lair_0_dummy, serial_shops, shop
Temple:   jpeg_temple_alley_garden_8
Lair:1:   minivault_23, grunt_megastairs_1, serial_bayou_shore_a
Lair:3:   minmay_shoals_entry_hut
Lair:4:   minmay_lair_oklob_bushes, uniq_maud
Lair:5:   spider_nest_entry_web_field, kb_xom_exploding_sheep
Lair:6:   slime_altar_1, basic_altar, uniq_nessos
Lair:8:   hangedman_lair_in_review, wormcave, minmay_stone_trees_small,
          uniq_snorg
Shoals:2: uniq_polyphemus
Shoals:3: uniq_louise, uniq_aizul
Spider:1: uniq_kirke
Ossuary:  ossuary_tomb_1

Skill      XL: |  1  2  3  4  5  6  7  8  9 10 11 12 13 14 15 |
---------------+----------------------------------------------+-----
Dodging        | 3 4 5 7 8 9 10 11 12 13 | 13.4
Fighting       | 4 5 7 9 11 12 13 15 16 | 16.8
Long Blades    | 4 5 6 7 8 9 |  9.2
Shields        | 5 8 9 10 | 10.0
Axes           | 4 8 9 11 12 | 12.6

Action                   |  1- 3 |  4- 6 |  7- 9 | 10-12 | 13-15 || total
-------------------------+-------+-------+-------+-------+-------++-------
Melee: Falchion          |   148 |   130 |   510 |   131 |       ||   919
       Tailslap          |    17 |    18 |    97 |   155 |   218 ||   505
       Long sword        |       |       |       |   205 |     6 ||   211
       Great sword       |       |       |       |    28 |       ||    28
       Executioner's axe |       |       |       |   245 |   168 ||   413
       Broad axe         |       |       |       |   138 |   879 ||  1017
Invok: Berserk           |     1 |     4 |     7 |    16 |    37 ||    65
       Trog's Hand       |       |       |     1 |     5 |     9 ||    15
       Brothers in Arms  |       |       |       |     8 |    12 ||    20
       Burn Spellbooks   |       |       |       |     2 |       ||     2
 Abil: Breathe Steam     |       |       |     2 |     4 |    16 ||    22
       Evoke Invisibilit |       |       |       |       |     3 ||     3
Evoke: Wand              |       |       |     1 |     8 |     2 ||    11
       Box of beasts     |       |       |       |       |     3 ||     3
       Fan of gales      |       |       |       |       |     1 ||     1
  Use: Scroll            |       |       |     2 |    19 |    10 ||    31
       Potion            |       |       |       |     2 |    38 ||    40
 Stab: Sleeping          |       |     1 |     8 |    14 |     1 ||    24
       Distracted        |       |       |     2 |     2 |     3 ||     7
  Eat: Chunk             |     4 |     7 |    15 |    20 |    57 ||   103
       Beef jerky        |       |     1 |     1 |     2 |     1 ||     5
       Meat ration       |       |       |     1 |     5 |     4 ||    10
       Bread ration      |       |       |       |     3 |     4 ||     7
       Fruit             |       |       |       |       |     8 ||     8
       Pizza             |       |       |       |       |     2 ||     2
Armor: Skin              |    47 |    32 |   117 |   186 |   327 ||   709
Dodge: Dodged            |   103 |   119 |   366 |   676 |   979 ||  2243
Block: Other             |       |    20 |    88 |    92 |    81 ||   281
       Shield            |       |       |       |   272 |   957 ||  1229
       Reflection        |       |       |       |     3 |    39 ||    42
